[ AOE2 MATCH · #507358802 ]
UnrankedEthiopians vs Persians
[ REPLAY ANALYSIS · EXTRACTED FROM THE RECORDED GAME ]
Feudal
8:53
Castle
23:50
Imperial
—
| APM avg | 72.5 |
| APM peak | 122 |
| eAPM avg | 25.8 |
| Villagers / military | 105 / 101 |
Focus
⚔️ 42.2% · 🌾 57.8%
Archer ×97 · Spearman ×4
Feudal
8:59
Castle
23:35
Imperial
—
| APM avg | 49.6 |
| APM peak | 73 |
| eAPM avg | 26.0 |
| Villagers / military | 47 / 70 |
Focus
⚔️ 23.6% · 🌾 76.4%
Skirmisher ×52 · Archer ×10 · Militia ×3 · Mangonel ×2 · Battering Ram ×2 · Scorpion ×1
Feudal
8:40
Castle
28:22
Imperial
—
| APM avg | 77.7 |
| APM peak | 163 |
| eAPM avg | 19.6 |
| Villagers / military | 59 / 50 |
Focus
⚔️ 38.7% · 🌾 61.3%
Scout Cavalry ×27 · Knight ×22 · Camel Scout ×1
Feudal
9:41
Castle
26:27
Imperial
—
| APM avg | 72.0 |
| APM peak | 115 |
| eAPM avg | 30.6 |
| Villagers / military | 94 / 108 |
Focus
⚔️ 44.6% · 🌾 55.4%
Archer ×108
Match map
Initial resources + every placement click. Lines = walls · curves = elevation contours. ◆ gold · ⬟ stone · ● berries · ✦ relic · ◌ wall gap
Your base· Open — 10t gap
Delirios de Autoridad's base· ✓ Closed at 23:35 · 44t walls · no gate
PilSeN___'s base· ✓ Closed at 28:22 · 60t walls · no gate
QNA | Yoyi's base· Open — 2t gap
Smoothed initial terrain · ◌ = detected wall gap · hover for details
Inputs per minute
— Fabrizio 094455 - - Delirios de Autoridad
Build order — Fabrizio 094455
First 150 of 308 actions detected
| 0:02 | Queue | Villager (Male) |
| 0:02 | Queue | Villager (Male) |
| 0:02 | Queue | Villager (Male) |
| 0:02 | Queue | Villager (Male) |
| 0:03 | Build | House |
| 0:05 | Build | House |
| 1:26 | Queue | Villager (Male) |
| 1:26 | Queue | Villager (Male) |
| 1:57 | Build | Lumber Camp |
| 1:59 | Queue | Villager (Male) |
| 1:59 | Queue | Villager (Male) |
| 2:20 | Queue | Villager (Male) |
| 2:21 | Queue | Villager (Male) |
| 2:48 | Queue | Villager (Male) |
| 2:48 | Queue | Villager (Male) |
| 3:03 | Queue | Villager (Male) |
| 3:03 | Queue | Villager (Male) |
| 3:42 | Queue | Villager (Male) |
| 3:43 | Queue | Villager (Male) |
| 3:43 | Queue | Villager (Male) |
| 3:47 | Build | House |
| 4:14 | Queue | Villager (Male) |
| 4:15 | Queue | Villager (Male) |
| 4:48 | Queue | Villager (Male) |
| 4:49 | Queue | Villager (Male) |
| 4:49 | Queue | Villager (Male) |
| 4:52 | Build | Mill |
| 5:41 | Queue | Villager (Male) |
| 6:13 | Research | Loom |
| 6:43 | Research | Feudal Age |
| 6:43 | Research | Feudal Age |
| 7:37 | Build | Barracks |
| 7:47 | Queue | Villager (Male) |
| 7:52 | Build | Barracks |
| 7:56 | Queue | Villager (Male) |
| 8:18 | Build | House |
| 8:53 | Queue | Villager (Male) |
| 8:53 | Age | Feudal Age |
| 8:55 | Build | Archery Range |
| 9:05 | Build | Archery Range |
| 9:12 | Queue | Villager (Male) |
| 9:21 | Queue | Villager (Male) |
| 9:31 | Build | Palisade Wall |
| 9:36 | Queue | Villager (Male) |
| 9:41 | Build | Palisade Wall |
| 9:42 | Queue | Villager (Male) |
| 9:51 | Build | Mining Camp |
| 9:59 | Build | House |
| 10:01 | Queue | Archer |
| 10:01 | Queue | Archer |
| 10:15 | Research | Double-Bit Axe |
| 10:18 | Queue | Villager (Male) |
| 10:22 | Queue | Archer |
| 10:22 | Queue | Archer |
| 10:34 | Queue | Archer |
| 10:39 | Queue | Villager (Male) |
| 10:46 | Queue | Archer |
| 10:51 | Queue | Spearman |
| 10:51 | Queue | Spearman |
| 10:56 | Queue | Villager (Male) |
| 10:58 | Build | House |
| 11:08 | Queue | Villager (Male) |
| 11:12 | Build | Palisade Wall |
| 11:13 | Build | Palisade Wall |
| 11:15 | Build | Palisade Wall |
| 11:16 | Build | Palisade Wall |
| 11:18 | Build | House |
| 11:20 | Build | House |
| 11:31 | Queue | Archer |
| 11:36 | Queue | Spearman |
| 11:49 | Queue | Archer |
| 11:50 | Queue | Archer |
| 11:51 | Queue | Villager (Male) |
| 12:02 | Build | House |
| 12:04 | Queue | Archer |
| 12:22 | Queue | Villager (Male) |
| 12:26 | Queue | Villager (Male) |
| 12:29 | Build | Farm |
| 12:30 | Build | Farm |
| 12:38 | Queue | Archer |
| 12:38 | Queue | Archer |
| 12:54 | Queue | Archer |
| 13:07 | Queue | Villager (Male) |
| 13:11 | Build | Mill |
| 13:32 | Queue | Archer |
| 13:33 | Queue | Archer |
| 13:33 | Queue | Villager (Male) |
| 13:40 | Build | Palisade Wall |
| 13:42 | Queue | Villager (Male) |
| 13:45 | Build | Farm |
| 13:57 | Queue | Archer |
| 13:57 | Queue | Archer |
| 14:04 | Queue | Archer |
| 14:10 | Build | Farm |
| 14:26 | Build | Palisade Wall |
| 14:34 | Queue | Archer |
| 14:34 | Queue | Archer |
| 14:34 | Queue | Villager (Male) |
| 14:38 | Queue | Villager (Male) |
| 14:47 | Queue | Archer |
| 14:47 | Queue | Archer |
| 14:59 | Queue | Archer |
| 15:06 | Queue | Archer |
| 15:25 | Build | House |
| 15:28 | Build | House |
| 15:32 | Queue | Archer |
| 15:32 | Queue | Archer |
| 15:39 | Build | House |
| 15:43 | Queue | Villager (Male) |
| 15:53 | Build | Blacksmith |
| 15:57 | Build | Farm |
| 16:04 | Queue | Villager (Male) |
| 16:04 | Queue | Villager (Male) |
| 16:09 | Queue | Archer |
| 16:15 | Queue | Archer |
| 16:15 | Queue | Archer |
| 16:17 | Queue | Villager (Male) |
| 16:28 | Queue | Archer |
| 16:35 | Build | Farm |
| 16:53 | Build | Farm |
| 16:55 | Queue | Archer |
| 16:56 | Queue | Archer |
| 17:03 | Build | House |
| 17:12 | Queue | Archer |
| 17:19 | Queue | Villager (Male) |
| 17:21 | Build | Farm |
| 17:33 | Research | Fletching |
| 17:34 | Research | Fletching |
| 17:38 | Queue | Archer |
| 17:38 | Queue | Villager (Male) |
| 17:40 | Build | Farm |
| 18:01 | Queue | Archer |
| 18:02 | Queue | Villager (Male) |
| 18:02 | Queue | Villager (Male) |
| 18:05 | Build | Farm |
| 18:22 | Queue | Archer |
| 18:23 | Queue | Villager (Male) |
| 18:45 | Queue | Archer |
| 18:46 | Queue | Villager (Male) |
| 18:46 | Queue | Villager (Male) |
| 18:48 | Build | Farm |
| 18:54 | Build | Farm |
| 19:01 | Queue | Archer |
| 19:20 | Build | House |
| 19:40 | Queue | Archer |
| 19:40 | Queue | Archer |
| 19:47 | Build | Farm |
| 19:51 | Build | Market |
| 20:24 | Queue | Archer |
| 20:24 | Queue | Archer |
Build order — Delirios de Autoridad
First 150 of 178 actions detected
| 0:02 | Build | House |
| 0:03 | Build | House |
| 0:03 | Queue | Villager (Male) |
| 0:04 | Queue | Villager (Male) |
| 0:04 | Queue | Villager (Male) |
| 0:04 | Queue | Villager (Male) |
| 0:04 | Queue | Villager (Male) |
| 1:27 | Queue | Villager (Male) |
| 1:47 | Build | Lumber Camp |
| 2:07 | Queue | Villager (Male) |
| 2:08 | Queue | Villager (Male) |
| 2:55 | Queue | Villager (Male) |
| 3:07 | Queue | Villager (Male) |
| 3:25 | Build | House |
| 3:42 | Queue | Villager (Male) |
| 4:00 | Build | Mill |
| 4:03 | Queue | Villager (Male) |
| 4:31 | Queue | Villager (Male) |
| 4:31 | Queue | Villager (Male) |
| 5:14 | Queue | Villager (Male) |
| 5:47 | Queue | Villager (Male) |
| 5:53 | Research | Loom |
| 6:44 | Build | Barracks |
| 6:49 | Research | Feudal Age |
| 7:29 | Build | House |
| 7:34 | Queue | Militia |
| 7:47 | Queue | Militia |
| 7:59 | Build | Mining Camp |
| 8:05 | Queue | Militia |
| 8:29 | Queue | Villager (Male) |
| 8:59 | Age | Feudal Age |
| 9:04 | Research | Man-at-Arms (upgrade) |
| 9:20 | Build | Farm |
| 9:21 | Build | Farm |
| 9:26 | Build | Farm |
| 9:27 | Queue | Villager (Male) |
| 9:50 | Queue | Villager (Male) |
| 10:22 | Build | Farm |
| 10:23 | Queue | Villager (Male) |
| 10:43 | Queue | Villager (Male) |
| 11:08 | Research | Double-Bit Axe |
| 11:23 | Build | Archery Range |
| 11:38 | Queue | Villager (Male) |
| 11:45 | Build | House |
| 12:06 | Queue | Villager (Male) |
| 12:30 | Queue | Skirmisher |
| 12:30 | Queue | Skirmisher |
| 12:31 | Build | House |
| 13:00 | Build | House |
| 13:03 | Queue | Skirmisher |
| 13:04 | Queue | Villager (Male) |
| 13:05 | Build | Farm |
| 13:17 | Build | Blacksmith |
| 13:26 | Queue | Archer |
| 13:36 | Queue | Archer |
| 13:42 | Queue | Villager (Male) |
| 13:46 | Queue | Villager (Male) |
| 13:57 | Build | House |
| 13:59 | Research | Fletching |
| 14:05 | Queue | Archer |
| 14:11 | Build | Farm |
| 14:46 | Queue | Villager (Male) |
| 14:53 | Build | Archery Range |
| 15:00 | Queue | Archer |
| 15:03 | Queue | Villager (Male) |
| 15:16 | Build | Farm |
| 15:27 | Build | House |
| 15:47 | Build | Farm |
| 15:52 | Research | Padded Archer Armor |
| 15:56 | Queue | Villager (Male) |
| 15:59 | Build | House |
| 16:14 | Queue | Archer |
| 16:14 | Queue | Archer |
| 16:21 | Build | House |
| 16:26 | Queue | Villager (Male) |
| 16:28 | Build | Farm |
| 17:07 | Queue | Archer |
| 17:07 | Queue | Archer |
| 17:11 | Build | Farm |
| 17:11 | Queue | Villager (Male) |
| 17:13 | Queue | Archer |
| 17:13 | Queue | Archer |
| 17:18 | Build | Palisade Wall |
| 17:30 | Build | Palisade Wall |
| 17:40 | Build | Palisade Wall |
| 17:48 | Build | Palisade Wall |
| 17:51 | Queue | Villager (Male) |
| 19:00 | Queue | Skirmisher |
| 19:00 | Queue | Skirmisher |
| 19:04 | Queue | Villager (Male) |
| 19:07 | Build | Mining Camp |
| 19:16 | Queue | Skirmisher |
| 19:16 | Queue | Skirmisher |
| 19:20 | Build | Farm |
| 19:32 | Queue | Skirmisher |
| 19:32 | Queue | Skirmisher |
| 19:42 | Queue | Skirmisher |
| 19:42 | Queue | Skirmisher |
| 19:50 | Build | House |
| 19:56 | Build | Palisade Wall |
| 20:02 | Queue | Skirmisher |
| 20:02 | Queue | Skirmisher |
| 20:32 | Queue | Skirmisher |
| 20:55 | Research | Castle Age |
| 21:11 | Build | Palisade Wall |
| 21:22 | Build | Palisade Wall |
| 21:26 | Research | Gold Mining |
| 21:55 | Queue | Skirmisher |
| 21:55 | Queue | Skirmisher |
| 22:01 | Queue | Skirmisher |
| 22:01 | Queue | Skirmisher |
| 22:10 | Build | House |
| 22:26 | Build | Palisade Wall |
| 23:17 | Queue | Skirmisher |
| 23:17 | Queue | Skirmisher |
| 23:35 | Age | Castle Age |
| 23:37 | Build | Siege Workshop |
| 23:39 | Research | Elite Skirmisher (upgrade) |
| 23:41 | Research | Bodkin Arrow |
| 23:42 | Queue | Villager (Male) |
| 23:51 | Queue | Skirmisher |
| 23:51 | Queue | Skirmisher |
| 24:18 | Queue | Battering Ram |
| 24:22 | Build | Outpost |
| 24:31 | Queue | Villager (Male) |
| 24:31 | Queue | Villager (Male) |
| 24:47 | Build | Outpost |
| 25:15 | Queue | Mangonel |
| 25:23 | Queue | Villager (Male) |
| 25:29 | Build | House |
| 25:30 | Queue | Villager (Male) |
| 25:45 | Research | Town Watch |
| 26:02 | Queue | Villager (Male) |
| 26:40 | Queue | Skirmisher |
| 26:41 | Queue | Skirmisher |
| 26:53 | Queue | Skirmisher |
| 26:54 | Queue | Skirmisher |
| 27:28 | Queue | Skirmisher |
| 27:29 | Queue | Skirmisher |
| 27:51 | Queue | Villager (Male) |
| 27:55 | Queue | Villager (Male) |
| 28:04 | Queue | Skirmisher |
| 28:04 | Queue | Skirmisher |
| 28:10 | Queue | Skirmisher |
| 28:10 | Queue | Skirmisher |
| 28:14 | Queue | Skirmisher |
| 28:14 | Queue | Skirmisher |
| 28:23 | Queue | Skirmisher |
| 28:23 | Queue | Skirmisher |
| 28:34 | Queue | Skirmisher |
Build order — PilSeN___
First 150 of 209 actions detected
| 0:00 | Queue | Villager (Male) |
| 0:01 | Queue | Villager (Male) |
| 0:03 | Build | House |
| 0:06 | Build | House |
| 0:29 | Queue | Villager (Male) |
| 0:29 | Queue | Villager (Male) |
| 0:54 | Queue | Villager (Male) |
| 0:55 | Queue | Villager (Male) |
| 1:24 | Queue | Villager (Male) |
| 1:25 | Queue | Villager (Male) |
| 2:09 | Queue | Villager (Male) |
| 2:10 | Queue | Villager (Male) |
| 2:25 | Queue | Villager (Male) |
| 3:01 | Build | Lumber Camp |
| 3:10 | Queue | Villager (Male) |
| 3:33 | Queue | Villager (Male) |
| 3:33 | Queue | Villager (Male) |
| 3:33 | Queue | Villager (Male) |
| 3:34 | Queue | Villager (Male) |
| 3:47 | Build | House |
| 3:57 | Build | House |
| 4:21 | Queue | Villager (Male) |
| 4:24 | Build | Mill |
| 4:41 | Queue | Villager (Male) |
| 4:43 | Queue | Villager (Male) |
| 5:32 | Queue | Villager (Male) |
| 5:32 | Queue | Villager (Male) |
| 5:37 | Research | Loom |
| 6:36 | Research | Feudal Age |
| 6:36 | Research | Feudal Age |
| 7:29 | Build | Barracks |
| 7:36 | Build | House |
| 8:26 | Build | House |
| 8:36 | Queue | Villager (Male) |
| 8:37 | Queue | Villager (Male) |
| 8:40 | Age | Feudal Age |
| 8:46 | Build | Stable |
| 9:43 | Queue | Villager (Male) |
| 9:45 | Queue | Scout Cavalry |
| 9:45 | Queue | Scout Cavalry |
| 9:45 | Queue | Scout Cavalry |
| 9:47 | Build | House |
| 9:54 | Build | Mill |
| 9:56 | Queue | Villager (Male) |
| 9:56 | Queue | Villager (Male) |
| 10:13 | Build | Palisade Wall |
| 10:24 | Queue | Scout Cavalry |
| 10:52 | Queue | Villager (Male) |
| 10:55 | Build | Farm |
| 10:55 | Build | Farm |
| 10:56 | Build | Farm |
| 11:10 | Queue | Villager (Male) |
| 11:51 | Queue | Scout Cavalry |
| 11:52 | Queue | Scout Cavalry |
| 11:54 | Queue | Villager (Male) |
| 11:58 | Build | Farm |
| 12:02 | Build | Farm |
| 12:04 | Build | Farm |
| 12:16 | Queue | Villager (Male) |
| 12:32 | Build | Palisade Wall |
| 12:47 | Queue | Villager (Male) |
| 13:00 | Queue | Villager (Male) |
| 13:02 | Build | Blacksmith |
| 13:36 | Queue | Villager (Male) |
| 13:36 | Queue | Villager (Male) |
| 13:40 | Build | Farm |
| 13:41 | Build | Farm |
| 13:46 | Queue | Scout Cavalry |
| 14:03 | Build | Palisade Wall |
| 14:10 | Build | Palisade Wall |
| 14:16 | Build | House |
| 14:42 | Queue | Villager (Male) |
| 14:43 | Queue | Villager (Male) |
| 14:53 | Build | House |
| 15:05 | Queue | Villager (Male) |
| 15:05 | Queue | Villager (Male) |
| 15:07 | Queue | Scout Cavalry |
| 15:08 | Queue | Scout Cavalry |
| 15:13 | Build | Farm |
| 15:15 | Build | Farm |
| 15:32 | Build | Farm |
| 15:35 | Build | Farm |
| 15:41 | Build | Farm |
| 15:50 | Queue | Scout Cavalry |
| 15:50 | Queue | Scout Cavalry |
| 16:03 | Build | Palisade Wall |
| 16:09 | Build | Palisade Wall |
| 16:15 | Build | House |
| 16:16 | Queue | Villager (Male) |
| 16:22 | Queue | Scout Cavalry |
| 16:28 | Build | Farm |
| 16:35 | Build | Mining Camp |
| 16:57 | Build | Farm |
| 16:57 | Queue | Villager (Male) |
| 16:58 | Queue | Villager (Male) |
| 17:01 | Build | Farm |
| 17:02 | Build | Farm |
| 17:04 | Build | Farm |
| 18:01 | Build | Watch Tower |
| 18:51 | Queue | Villager (Male) |
| 18:51 | Queue | Villager (Male) |
| 18:52 | Queue | Scout Cavalry |
| 18:53 | Queue | Scout Cavalry |
| 19:29 | Research | Scale Barding Armor |
| 19:29 | Research | Scale Barding Armor |
| 19:34 | Research | Double-Bit Axe |
| 19:34 | Research | Double-Bit Axe |
| 19:37 | Queue | Villager (Male) |
| 19:37 | Queue | Villager (Male) |
| 19:57 | Queue | Scout Cavalry |
| 19:57 | Queue | Scout Cavalry |
| 20:23 | Build | Palisade Wall |
| 20:31 | Build | House |
| 20:38 | Build | House |
| 20:41 | Build | House |
| 20:53 | Queue | Villager (Male) |
| 20:54 | Queue | Villager (Male) |
| 20:55 | Queue | Scout Cavalry |
| 20:55 | Queue | Scout Cavalry |
| 21:20 | Build | House |
| 21:24 | Build | House |
| 21:40 | Queue | Scout Cavalry |
| 21:41 | Queue | Scout Cavalry |
| 22:21 | Research | Forging |
| 22:22 | Research | Forging |
| 22:29 | Build | Lumber Camp |
| 22:50 | Build | Palisade Wall |
| 23:01 | Queue | Villager (Male) |
| 23:02 | Queue | Villager (Male) |
| 23:11 | Build | Palisade Wall |
| 24:01 | Queue | Villager (Male) |
| 24:01 | Queue | Villager (Male) |
| 24:03 | Build | Farm |
| 24:05 | Build | Farm |
| 24:07 | Build | Farm |
| 24:35 | Build | Farm |
| 24:42 | Build | Market |
| 24:49 | Queue | Scout Cavalry |
| 24:50 | Queue | Scout Cavalry |
| 25:05 | Queue | Villager (Male) |
| 25:05 | Queue | Villager (Male) |
| 25:08 | Build | Farm |
| 25:25 | Research | Bloodlines |
| 25:57 | Research | Castle Age |
| 25:57 | Research | Castle Age |
| 26:04 | Build | Farm |
| 26:04 | Build | Farm |
| 26:05 | Build | Farm |
| 26:15 | Build | Stable |
| 26:36 | Research | Gold Mining |
Build order — QNA | Yoyi
First 150 of 282 actions detected
| 0:01 | Queue | Villager (Male) |
| 0:01 | Queue | Villager (Male) |
| 0:02 | Build | House |
| 0:03 | Build | House |
| 0:11 | Queue | Villager (Male) |
| 0:12 | Queue | Villager (Male) |
| 1:29 | Queue | Villager (Male) |
| 1:29 | Queue | Villager (Male) |
| 1:29 | Queue | Villager (Male) |
| 2:02 | Build | Lumber Camp |
| 2:04 | Queue | Villager (Male) |
| 2:04 | Queue | Villager (Male) |
| 2:17 | Queue | Villager (Male) |
| 2:18 | Queue | Villager (Male) |
| 2:53 | Queue | Villager (Male) |
| 2:54 | Queue | Villager (Male) |
| 3:20 | Queue | Villager (Male) |
| 3:20 | Queue | Villager (Male) |
| 3:20 | Queue | Villager (Male) |
| 3:20 | Queue | Villager (Male) |
| 3:21 | Queue | Villager (Male) |
| 3:21 | Queue | Villager (Male) |
| 3:21 | Queue | Villager (Male) |
| 3:50 | Build | House |
| 4:04 | Queue | Villager (Male) |
| 4:04 | Queue | Villager (Male) |
| 4:32 | Queue | Villager (Male) |
| 4:32 | Queue | Villager (Male) |
| 4:33 | Queue | Villager (Male) |
| 4:33 | Queue | Villager (Male) |
| 4:33 | Queue | Villager (Male) |
| 4:36 | Queue | Villager (Male) |
| 4:37 | Queue | Villager (Male) |
| 4:37 | Queue | Villager (Male) |
| 4:41 | Build | Mill |
| 5:14 | Queue | Villager (Male) |
| 5:15 | Queue | Villager (Male) |
| 5:15 | Queue | Villager (Male) |
| 5:15 | Queue | Villager (Male) |
| 5:15 | Queue | Villager (Male) |
| 5:54 | Build | House |
| 6:05 | Research | Loom |
| 6:06 | Research | Loom |
| 6:11 | Research | Loom |
| 6:20 | Queue | Villager (Male) |
| 6:48 | Build | Mining Camp |
| 7:30 | Research | Feudal Age |
| 7:30 | Research | Feudal Age |
| 7:31 | Research | Feudal Age |
| 8:10 | Queue | Villager (Male) |
| 8:10 | Queue | Villager (Male) |
| 8:21 | Build | Barracks |
| 8:22 | Build | House |
| 9:26 | Queue | Villager (Male) |
| 9:26 | Queue | Villager (Male) |
| 9:36 | Build | House |
| 9:38 | Build | House |
| 9:41 | Age | Feudal Age |
| 9:46 | Queue | Villager (Male) |
| 9:49 | Build | Archery Range |
| 9:53 | Queue | Villager (Male) |
| 9:56 | Build | Palisade Wall |
| 9:58 | Build | Palisade Wall |
| 10:05 | Build | House |
| 10:11 | Build | Palisade Wall |
| 10:16 | Build | Palisade Gate |
| 10:19 | Queue | Archer |
| 10:20 | Queue | Archer |
| 10:20 | Queue | Archer |
| 11:07 | Queue | Archer |
| 11:20 | Queue | Villager (Male) |
| 11:38 | Queue | Villager (Male) |
| 11:38 | Queue | Villager (Male) |
| 11:50 | Queue | Archer |
| 12:43 | Queue | Villager (Male) |
| 12:51 | Build | Farm |
| 12:51 | Build | Farm |
| 13:08 | Queue | Villager (Male) |
| 13:08 | Queue | Villager (Male) |
| 13:20 | Queue | Archer |
| 13:22 | Build | Archery Range |
| 13:30 | Queue | Villager (Male) |
| 13:30 | Queue | Villager (Male) |
| 13:57 | Queue | Archer |
| 14:11 | Build | Blacksmith |
| 14:19 | Queue | Villager (Male) |
| 14:22 | Build | Farm |
| 14:23 | Queue | Archer |
| 14:23 | Queue | Archer |
| 14:39 | Build | Farm |
| 14:41 | Queue | Villager (Male) |
| 14:56 | Queue | Archer |
| 14:56 | Queue | Archer |
| 15:06 | Build | House |
| 15:10 | Queue | Archer |
| 15:10 | Queue | Archer |
| 15:13 | Research | Fletching |
| 15:13 | Research | Fletching |
| 15:49 | Build | Farm |
| 16:00 | Queue | Archer |
| 16:01 | Queue | Archer |
| 16:08 | Build | House |
| 16:10 | Build | House |
| 16:13 | Build | House |
| 16:17 | Build | Palisade Wall |
| 16:27 | Queue | Archer |
| 16:27 | Queue | Archer |
| 17:02 | Queue | Archer |
| 17:02 | Queue | Archer |
| 17:02 | Queue | Villager (Male) |
| 17:02 | Queue | Villager (Male) |
| 17:10 | Queue | Archer |
| 17:23 | Queue | Villager (Male) |
| 17:25 | Build | Farm |
| 17:27 | Queue | Archer |
| 17:27 | Queue | Archer |
| 17:39 | Build | Farm |
| 17:48 | Queue | Villager (Male) |
| 17:49 | Queue | Archer |
| 18:00 | Research | Padded Archer Armor |
| 18:01 | Research | Padded Archer Armor |
| 18:01 | Queue | Archer |
| 18:02 | Queue | Archer |
| 18:04 | Build | Farm |
| 18:27 | Queue | Archer |
| 18:27 | Queue | Archer |
| 18:50 | Queue | Archer |
| 18:50 | Queue | Archer |
| 18:57 | Queue | Villager (Male) |
| 18:57 | Queue | Villager (Male) |
| 19:04 | Queue | Archer |
| 19:04 | Queue | Archer |
| 19:04 | Queue | Villager (Male) |
| 19:04 | Queue | Villager (Male) |
| 19:06 | Build | Farm |
| 19:06 | Build | Farm |
| 19:08 | Build | Farm |
| 19:11 | Queue | Villager (Male) |
| 19:17 | Queue | Archer |
| 19:17 | Queue | Archer |
| 19:35 | Queue | Archer |
| 19:36 | Queue | Villager (Male) |
| 19:55 | Build | House |
| 19:57 | Build | Mill |
| 20:00 | Queue | Archer |
| 20:00 | Queue | Archer |
| 20:14 | Queue | Archer |
| 20:14 | Queue | Archer |
| 20:16 | Queue | Villager (Male) |
| 20:23 | Build | Market |
Match timeline
| 6:44 | Delirios de Autoridad · first_building Barracks |
| 7:29 | PilSeN___ · first_building Barracks |
| 7:37 | Fabrizio 094455 · first_building Barracks |
| 8:21 | QNA | Yoyi · first_building Barracks |
| 8:40 | PilSeN___ · age_up feudal |
| 8:46 | PilSeN___ · first_building Stable |
| 8:53 | Fabrizio 094455 · age_up feudal |
| 8:55 | Fabrizio 094455 · first_building Archery Range |
| 8:59 | Delirios de Autoridad · age_up feudal |
| 9:31 | Fabrizio 094455 · wall_segment Palisade Wall x1 |
| 9:41 | Fabrizio 094455 · wall_segment Palisade Wall x1 |
| 9:41 | QNA | Yoyi · age_up feudal |
| 9:49 | QNA | Yoyi · first_building Archery Range |
| 9:56 | QNA | Yoyi · wall_segment Palisade Wall x1 |
| 9:58 | QNA | Yoyi · wall_segment Palisade Wall x1 |
| 10:11 | QNA | Yoyi · wall_segment Palisade Wall x1 |
| 10:13 | PilSeN___ · wall_segment Palisade Wall x7 |
| 11:12 | Fabrizio 094455 · wall_segment Palisade Wall x1 |
| 11:13 | Fabrizio 094455 · wall_segment Palisade Wall x1 |
| 11:15 | Fabrizio 094455 · wall_segment Palisade Wall x1 |
| 11:16 | Fabrizio 094455 · wall_segment Palisade Wall x1 |
| 11:23 | Delirios de Autoridad · first_building Archery Range |
| 12:32 | PilSeN___ · wall_segment Palisade Wall x17 |
| 13:40 | Fabrizio 094455 · wall_segment Palisade Wall x11 |
| 14:03 | PilSeN___ · wall_segment Palisade Wall x1 |
| 14:10 | PilSeN___ · wall_segment Palisade Wall x5 |
| 14:26 | Fabrizio 094455 · wall_segment Palisade Wall x10 |
| 16:03 | PilSeN___ · wall_segment Palisade Wall x22 |
| 16:09 | PilSeN___ · wall_segment Palisade Wall x9 |
| 16:17 | QNA | Yoyi · wall_segment Palisade Wall x1 |
| 17:18 | Delirios de Autoridad · wall_segment Palisade Wall x7 |
| 17:30 | Delirios de Autoridad · wall_segment Palisade Wall x10 |
| 17:40 | Delirios de Autoridad · wall_segment Palisade Wall x13 |
| 17:48 | Delirios de Autoridad · wall_segment Palisade Wall x8 |
| 19:56 | Delirios de Autoridad · wall_segment Palisade Wall x7 |
| 20:23 | PilSeN___ · wall_segment Palisade Wall x1 |
| 21:08 | QNA | Yoyi · first_market_buy 100 food |
| 21:09 | Fabrizio 094455 · first_market_buy 100 food |
| 21:11 | Delirios de Autoridad · wall_segment Palisade Wall x2 |
| 21:22 | Delirios de Autoridad · wall_segment Palisade Wall x1 |
| 22:26 | Delirios de Autoridad · wall_segment Palisade Wall x1 |
| 22:28 | QNA | Yoyi · wall_segment Palisade Wall x11 |
| 22:50 | PilSeN___ · wall_segment Palisade Wall x1 |
| 23:11 | PilSeN___ · wall_segment Palisade Wall x1 |
| 23:35 | Delirios de Autoridad · age_up castle |
| 23:37 | Delirios de Autoridad · first_building Siege Workshop |
| 23:50 | Fabrizio 094455 · age_up castle |
| 25:52 | PilSeN___ · first_market_buy 100 food |
| 26:01 | QNA | Yoyi · first_market_sell 100 food |
| 26:27 | QNA | Yoyi · age_up castle |
| 28:22 | PilSeN___ · age_up castle |
| 30:26 | Fabrizio 094455 · first_building Monastery |
| 32:44 | QNA | Yoyi · resign |
[ AI ANALYSIS · 1 CREDIT ]
What really happened in this match?
Wolo.gg analyzes every decision: build order, eco, micro, common mistakes by bracket. Personalized analysis on WhatsApp or Discord in 30 seconds.
Civ guide
Ethiopians
Perfil
Jugador #5843090